 Dungeon Crawl Stone Soup version 0.30-a0-23-ge60ba3568b (webtiles) character file.

Game seed: 17015259175205706789

116 siradein the Ruffian (level 4, -2/45 HPs)
             Began as a Troll Cinder Acolyte on Aug 25, 2022.
             Was a High Priest of Ignis.
             Slain by a gnoll
             ... wielding a +0 flail
              (8 damage)
             ... on level 3 of the Dungeon.
             The game lasted 00:02:10 (1382 turns).

siradein the Ruffian (Troll Cinder Acolyte)         Turns: 1382, Time: 00:02:10

Health: -2/45      AC:  4    Str: 22    XL:     4   Next: 70%
Magic:  4/4        EV:  9    Int: 10    God:    Ignis [*****.]
Gold:   77         SH:  0    Dex:  7    Spells: 5/5 levels left

rFire   + . .      SeeInvis .      - Unarmed
rCold   . . .      Faith    .    (no shield)
rNeg    . . .      Spirit   .    a - +0 robe
rPois   .          Reflect  .    (helmet restricted)
rElec   .          Harm     .    (no cloak)
rCorr   .          Rampage  .    (gloves unavailable)
Will    .....                    (boots unavailable)
Stlth   +.........               g - amulet of the acrobat
HPRegen 0.95/turn                (no ring)
MPRegen 0.09/turn                (no ring)

@: no status effects
A: large, unfitting armour, claws 3, regeneration 1, shaggy fur 1, tough skin 1
a: Renounce Religion, Fiery Armour, Foxfire Swarm, Rising Flame


You were on level 3 of the Dungeon.
You worshipped Ignis.
Ignis was extremely pleased with you.
You visited 1 branch of the dungeon, and saw 3 of its levels.

You collected 77 gold pieces.

Inventory:

Missiles
 e - 26 stones (quivered)
Armour
 a - a +0 robe (worn)
Jewellery
 g - an amulet of the acrobat (around neck)
Scrolls
 c - a scroll of vulnerability {unknown}
 d - 2 scrolls of identify {unknown}
 f - a scroll of teleportation {unknown}
 h - a scroll of immolation {unknown}
 j - a scroll of summoning {unknown}
Potions
 b - a potion of lignification {unknown}
 i - a potion of berserk rage {unknown}


   Skills:
 + Level 3.4 Fighting
 + Level 1.5 Throwing
 + Level 4.1 Unarmed Combat
 - Level 1.0 Spellcasting
 - Level 2.1 Fire Magic


You had 5 spell levels left.
You didn't know any spells.
Your spell library contained the following spells:

 Spells                   Type           Power      Damage    Failure   Level
 Scorch                   Fire           8%         2d5       22%         2


Dungeon Overview and Level Annotations

Branches:
Dungeon (3/15)

Altars:


Innate Abilities, Weirdness & Mutations

You are too large for most types of armour.
You have claws for hands.
Your natural rate of healing is unusually fast.
You are covered in fur. (AC +1)
You have tough skin. (AC +1)


Message History

You miss the hound.
The hound is almost dead.
The hound barely misses you. The rat bites you.
The hound bites you but does no damage.
You claw the hound!
You kill the hound!
The rat barely misses you.
You claw the rat!
You kill the rat!
The gnoll completely misses you. The goblin misses you.
You see here a rat corpse.
You barely miss the goblin.
The gnoll hits you from afar with a +0 halberd!
The goblin barely misses you.
You scratch the goblin.
You kill the goblin!
The gnoll hits you from afar with a +0 halberd.
You barely miss the ball python.
The ball python bites you but does no damage.
The gnoll barely misses you. The ball python barely misses you.
You claw the ball python!
You kill the ball python!
The gnoll hits you from afar with a +0 halberd.
You scratch the giant cockroach.
You kill the giant cockroach!
The gnoll hits you from afar with a +0 halberd!
You are too injured to fight recklessly!
You are too injured to fight recklessly!
You are too injured to fight recklessly!
You are too injured to fight recklessly!
You completely miss the gnoll.
You hear the slow rusting of a distant drain.
The gnoll hits you with a +0 flail.
* * * LOW HITPOINT WARNING * * *
You claw the gnoll!
The gnoll is severely wounded.
The gnoll hits you from afar with a +0 halberd.
* * * LOW HITPOINT WARNING * * *
The gnoll hits you with a +0 flail!
You die...

...#........†.......
. ...........?.......
............##.###..
.###.....?....#......
...........[...####
#.........#..##
....g#g###......#
##.# #g# ####..<# #@#
##..# #?..# #...
#.....# #...#
........# ###..
#........# ###
##.......# ##.....##
.......


You could see 2 gnolls.

Vanquished Creatures
  A hound (D:3)
  2 adders
  A gnoll (D:3)
  2 worms (D:2)
  2 dart slugs
  4 bats
  3 endoplasms
  5 giant cockroaches
  6 goblins
  3 hobgoblins
  4 jackals (D:2)
  4 ball pythons
  A frilled lizard (D:1)
  7 kobolds
  4 rats
49 creatures vanquished.

Notes
Turn   | Place    | Note
-------+----------+-------------------------------------------
     0 | D:1      | siradein the Troll Cinder Acolyte began the quest for the
                  | Orb.
     0 | D:1      | Reached XP level 1. HP: 22/22 MP: 1/1
   171 | D:1      | Reached XP level 2. HP: 29/29 MP: 2/2
   645 | D:1      | Reached XP level 3. HP: 37/37 MP: 3/3
  1234 | D:2      | Reached skill level 1 in Throwing
  1338 | D:3      | Reached XP level 4. HP: 45/45 MP: 4/4
  1348 | D:3      | Reached skill level 4 in Unarmed Combat
  1382 | D:3      | Slain by a gnoll

Illustrated notes

Levels and vault maps discovered:
D:1:      eino_arrival_water_cross, layout_loops_ring
D:2:      layout_basic
D:3:      layout_rooms, cheibrodos_sewer_entry_drain

Skill      XL: |  1  2  3  4 |
---------------+-------------+-----
Fighting       | 3 |  3.4
Throwing       | 1 |  1.5
Unarmed Combat | 4 |  4.1
Spellcasting   | |  1.0
Fire Magic     | |  2.1

Action                   |  1- 3 |  4- 6 || total
-------------------------+-------+-------++-------
Melee: Unarmed           |   127 |    21 ||   148
       Punch             |     2 |     1 ||     3
Armor: Robe              |    55 |     9 ||    64
Dodge: Dodged            |    63 |    31 ||    94

Table legend: (Time is in decaauts)
 A = Elapsed time spent in this place.
 B = Non-inter-level travel time spent in this place.
 C = Inter-level travel time spent in this place.
 D = Time resting spent in this place.
 E = Time spent auto-exploring this place.
 F = Levels seen in this place.
 G = Mean time per level.
                   A        B        C        D        E       F      G
               +--------+--------+--------+--------+--------+-----+--------+
         Total |   1372 |   1291 |     81 |      0 |    989 |   3 |  457.3 |
       Dungeon |   1372 |   1291 |     81 |      0 |    989 |   3 |  457.3 |
               +--------+--------+--------+--------+--------+-----+--------+

Top non-repeatable levels by time:
     D:2: 665 daAuts
     D:1: 656 daAuts
     D:3: 50 daAuts
